 Dungeon Crawl Stone Soup version 0.31.0-32-g396128a36d (webtiles) character file.

Game seed: 15038414688246450483

67 Alphaeus the Ruffian (level 4, 0/26 HPs)
             Began as a Gargoyle Shapeshifter on Mar 18, 2024.
             Killed by nerve-wracking pain
             ... invoked by an orc priest
              (2 damage)
             ... on level 3 of the Dungeon.
             The game lasted 00:01:36 (1755 turns).

Alphaeus the Ruffian (Gargoyle Shapeshifter)        Turns: 1755, Time: 00:01:37

Health: 0/26       AC:  5    Str: 20    XL:     4   Next: 18%
Magic:  4/4        EV: 11    Int: 10    God:
Gold:   167        SH:  0    Dex:  9    Spells: 3/3 levels left

rFire   . .          .
                       - Unarmed
rCold   . . .        (no shield)
rNeg    + . .        a - +0 animal skin
rPois   ∞            (helmet currently unavailable)
rElec   +            (cloak currently unavailable)
rCorr   .            (gloves currently unavailable)
SInv    .            (boots currently unavailable)
Will    .....        (no amulet)
Stlth   +            (no ring)
HPRegen 0.24/turn    (no ring)
MPRegen 0.09/turn

%: no passive effects
@: beast-form
A: beast (slay +1), sickness immunity, AC +3, negative energy resistance 1,
electricity resistance, torment resistance 1, petrification resistance
a: Begin Untransformation


You were on level 3 of the Dungeon.
You were a hulking beast.
You visited 1 branch of the dungeon, and saw 3 of its levels.

You collected 167 gold pieces.

Inventory:

Armour
 a - a +0 animal skin (worn)
 g - a +0 buckler of reflection
Jewellery
 m - a ring of protection from cold
Talismans
 c - a beast talisman
 d - a flux talisman
Scrolls
 e - 2 scrolls of identify {unknown}
 k - 2 scrolls of teleportation {unknown}
 l - a scroll of brand weapon {unknown}
 n - a scroll of silence {unknown}
 o - a scroll of vulnerability {unknown}
Potions
 b - a potion of lignification
 f - a potion of mutation {unknown}
 h - a potion of attraction {unknown}
 i - 2 potions of magic {unknown}
 j - a potion of brilliance {unknown}


   Skills:
 + Level 2.0 Fighting
 - Level 1.5 Dodging
 * Level 3.8 Unarmed Combat
 * Level 3.0 Shapeshifting


You had 3 spell levels left.
You didn't know any spells.
Your spell library was empty.

Dungeon Overview and Level Annotations

Branches:
Dungeon (3/15)

Altars:


Innate Abilities, Weirdness & Mutations

You are a hulking beast.
Your limbs bulge with bestial killing power. (Slay +1)
You are immune to sickness and miasma.
Your stone body is resilient. (AC +3)
You are immune to poison.
You resist negative energy. (rN+)
You are resistant to electric shocks. (rElec)
You are resistant to unholy torment.
You are immune to petrification.


Message History

Pain shoots through your body!
You completely miss the orc priest. The giant cockroach bites you.
The orc priest looks braver for a moment.
The orc hits you with a +0 club.
The orc priest hits you with a +0 flail.
You are too injured to fight recklessly!
You are too injured to fight recklessly!
You are too injured to fight recklessly!
You are too injured to fight recklessly!
You are too injured to fight recklessly!
You are too injured to fight recklessly!
You are too injured to fight recklessly!
You are too injured to fight recklessly!
You are too injured to fight recklessly!
You are too injured to fight recklessly!
You are too injured to fight recklessly!
You are too injured to fight recklessly!
You are too injured to fight recklessly!
You are too injured to fight recklessly!
You are too injured to fight recklessly!
You are too injured to fight recklessly!
You are too injured to fight recklessly!
You are too injured to fight recklessly!
You are too injured to fight recklessly!
You are too injured to fight recklessly!
You are too injured to fight recklessly!
You are too injured to fight recklessly!
The giant cockroach bites you but does no damage.
The orc attacks as it pursues you! The orc completely misses you.
The orc priest barely misses you.
You hit the giant cockroach but do no damage.
The giant cockroach closely misses you.
You hit the giant cockroach.
You kill the giant cockroach!
The orc priest calls down the wrath of Beogh upon you.
Beogh smites you!
* * * LOW HITPOINT WARNING * * *
The orc priest invokes the aid of Beogh against you.
Pain shoots through your body!
You die...

#.###.# #.......≈.#
######..#.######## #.....##≈##
.................####......#≈#
.........####..............#≈#
.###..†........#.###.......###
.###.#...####>.#.# #.#####.#
.##............#.# #.# .#
.##..#...#####.#># #.# .#
.##..#...# #.#h# #.#
.....#...## #.#.# #.#
.....#....####.#.#...###
.....†..#.##...ooo......
.....#...............###
.....................#
#.##..###.##.#.#........
.#.#...........#......## #
#....) ....#####.##.#


You could see 2 orc priests and an orc.

Vanquished Creatures
  An adder (D:2)
  3 dart slugs
  An orc (D:3)
  6 ball pythons
  4 endoplasms
  3 giant cockroaches
  6 hobgoblins
  3 jackals (D:1)
  2 quokkas (D:1)
  4 bats
  4 frilled lizards
  2 goblins (D:1)
  6 kobolds
  5 rats
50 creatures vanquished.

Notes
Turn   | Place    | Note
-------+----------+-------------------------------------------
     0 | D:1      | Alphaeus the Gargoyle Shapeshifter began the quest for the
                  | Orb.
     0 | D:1      | Reached XP level 1. HP: 12/12 MP: 1/1
   110 | D:1      | Reached XP level 2. HP: 16/16 MP: 2/2
   472 | D:1      | Reached XP level 3. HP: 15/20 MP: 3/3
  1602 | D:3      | Reached XP level 4. HP: 26/26 MP: 4/4
  1755 | D:3      | Killed from afar by an orc priest

Illustrated notes

Levels and vault maps discovered:
D:1:      grunt_arrival_lava_bath, layout_basic, nicolae_hexahallways,
          minmay_statues_item, reono_crystal_passage, fountainhead, st_stairs_8,
          nicolae_figureground_sparkle
D:2:      layout_loops_cross, item_on_display_a
D:3:      layout_loops_ring, nicolae_overflow_hallway_of_the_gods,
          minmay_door_square, chequers_serial_rivers_micro_b

Skill      XL: |  1  2  3 |
---------------+----------+-----
Shapeshifting  | 3 |  3.0
Fighting       | 2 |  2.0
Dodging        | |  1.5
Unarmed Combat | |  3.8

Action                     |  1- 3 |  4- 6 || total
---------------------------+-------+-------++-------
  Melee: Unarmed           |   133 |    20 ||   153
         Punch             |     1 |       ||     1
   Stab: Distracted        |     1 |       ||     1
 Armour: Animal skin       |    59 |    10 ||    69
  Dodge: Dodged            |    73 |    12 ||    85
